 Dungeon Crawl Stone Soup version 0.28-a0-1227-ga9037bb4c8 (webtiles) character file.

Game seed: 3347222022865669808

3171 wakim the Zephyrmancer (level 9, -10/45 HPs)
             Began as a Tengu Air Elementalist on Dec 22, 2021.
             Was a Believer of Zin.
             Shot with a sling bullet by Joseph (13 damage)
             ... on level 8 of the Dungeon.
             The game lasted 00:52:13 (8281 turns).

wakim the Zephyrmancer (Tengu Air Elementalist)     Turns: 8281, Time: 00:52:13

Health: -10/45     AC:  9    Str:  8    XL:     9   Next: 94%
Magic:  13/17      EV: 12    Int: 20    God:    Zin [**....]
Gold:   297        SH:  0    Dex: 15    Spells: 2/18 levels left

rFire   . . .      SeeInvis .   a - +3 short sword (speed)
rCold   . . .      Faith    .   (no shield)
rNeg    + . .      Spirit   .   Z - +2 ring mail {rN+}
rPois   .          Reflect  .   (helmet restricted)
rElec   .          Harm     .   d - +0 cloak
rCorr   .          Rampage  .   c - +0 pair of gloves
Will    .....                   (boots unavailable)
Stlth   +.........              k - amulet of regeneration
HPRegen 0.95/turn               (no ring)
MPRegen 0.15/turn               (no ring)

@: flying quickly and evasively, quick
A: beak, talons 3, nimble flight
a: Renounce Religion, Recite, Vitalisation, Donate Gold


You were on level 8 of the Dungeon.
You worshipped Zin.
Zin was pleased with you.
You visited 2 branches of the dungeon, and saw 9 of its levels.

You collected 330 gold pieces.
You donated 33 gold pieces to Zin.

Inventory:

Hand Weapons
 a - a +3 short sword of speed (weapon)
 b - a +4 short sword of freezing
Armour
 c - a +0 pair of gloves (worn)
 d - a +0 cloak (worn)
 Z - a +2 ring mail of positive energy (worn)
Jewellery
 k - an amulet of regeneration (around neck)
 Y - a ring of ice
Wands
 u - a wand of mindburst (16)
 v - a wand of flame (19)
 x - a wand of iceblast (42)
 y - a wand of paralysis (9)
Scrolls
 f - 2 scrolls of noise {unknown}
 g - 2 scrolls of enchant armour {unknown}
 h - 2 scrolls of enchant weapon
 l - 2 scrolls of magic mapping {unknown}
 C - 2 scrolls of vulnerability {unknown}
 H - a scroll of blinking {unknown}
 T - 4 scrolls of teleportation
 U - a scroll of fear {unknown}
 W - 2 scrolls of amnesia {unknown}
 X - 2 scrolls of silence {unknown}
Potions
 e - 3 potions of heal wounds
 w - a potion of cancellation {unknown}
 D - 2 potions of brilliance
 F - 2 potions of curing
 O - a potion of resistance
 V - a potion of degeneration {unknown}


   Skills:
 - Level 2.1 Dodging
 - Level 2.0 Stealth
 - Level 5.0 Spellcasting
 - Level 10.0 Conjurations
 + Level 5.6 Summonings
 * Level 12.1 Air Magic


You had 2 spell levels left.
You knew the following spells:

 Your Spells              Type           Power      Damage    Failure   Level
a - Shock                 Conj/Air       100%       1d9       1%          1
b - Airstrike             Air            26%        N/A       2%          4
c - Lightning Bolt        Conj/Air       24%        1d40      11%         5
d - Static Discharge      Conj/Air       49%        N/A       1%          2
z - Summon Lightning Spi  Summ/Air       40%        N/A       10%         4

Your spell library contained the following spells:

 Spells                   Type           Power      Damage    Failure   Level
 Foxfire                  Conj/Fire      100%       2x1d9     4%          1
 Corpse Rot               Necr/Air       58%        N/A       4%          2
 Passwall                 Tmut/Erth      4%         N/A       47%         2
 Sublimation of Blood     Necr           5%         N/A       47%         2
 Wereblood                Tmut           5%         N/A       47%         2
 Swiftness                Air            52%        N/A       1%          3
 Call Canine Familiar     Summ           27%        N/A       11%         3
 Conjure Flame            Conj/Fire      25%        6-21      14%         3
 Flame Wave               Conj/Fire      25%        2d6       41%         4
 Inner Flame              Hex/Fire       5%         N/A       71%         3
 Portal Projectile        Hex/Tloc       10%        N/A       71%         3
 Animate Dead             Necr           2%         N/A       98%         4
 Dispel Undead            Necr           5%         3d7       98%         4
 Leda's Liquefaction      Hex/Erth       2%         N/A       98%         4
 Petrify                  Tmut/Erth      5%         N/A       98%         4
 Borgnjor's Vile Clutch   Necr/Erth      2%         N/A       100%        5
 Death Channel            Necr           2%         N/A       100%        6
 Summon Hydra             Summ           13%        N/A       100%        7


Dungeon Overview and Level Annotations

Branches:
Dungeon (8/15)             Temple (1/1) D:6
   Lair: D:8-11

Altars:
Ashenzari
Cheibriados
Dithmenos
Elyvilon
Fedhas
Gozag
Hepliaklqana
Kikubaaqudgha
Makhleb
Nemelex Xobeh
Okawaru
Qazlal
Sif Muna
Trog
Uskayaw
Vehumet
Wu Jian
Xom
Yredelemnul
Zin
The Shining One

Annotations:
D:8 Gastronok, Joseph


Innate Abilities, Weirdness & Mutations

You have a beak for a mouth.
You have claws for feet.
Your magical nature lets you fly swiftly and evasively.


Message History

Press: ? - help, Dir - move target, f/p - Joseph
Aim: Joseph, wielding a +4 hunting sling, wearing a +0 leather armour and quivering sling bullets (moderately wounded, empty space bonus: 8/8)
The air twists around and strikes Joseph!
Joseph is heavily wounded.
Joseph shoots a sling bullet.
The sling bullet hits you!!
Casting: Airstrike (dangerous; 2% risk of failure)
Confirm with . or Enter, or press ? or * to list all spells.
You don't have enough magic to cast this spell.
Unknown command.
Things that are here:
a +0 hand axe; a +0 robe; a +0 dagger
There is a stone staircase leading up, spattered with blood here.
You fly upwards.
There is a stone staircase leading down here.
You start resting.
HP restored.
Magic restored.
You fly downwards.
Level annotation: Gastronok, Joseph
There is a stone staircase leading up, spattered with blood here.
Things that are here:
a +0 hand axe; a +0 robe; a +0 dagger
Casting: Airstrike (dangerous; 2% risk of failure)
Confirm with . or Enter, or press ? or * to list all spells.
The spell is quite dangerous to miscast (10% risk of failure)!
Continue anyway?
An electric hum fills the air.
Joseph shoots a sling bullet.
The sling bullet hits you!
Joseph shoots a sling bullet.
The sling bullet hits you!!
* * * LOW HITPOINT WARNING * * *
Things that are here:
2 boomerangs; a +0 trident Joseph says, "I've waited for this moment for such a long time."
Things that are here:
a +0 hand axe; a +0 robe; a +0 dagger Joseph shoots a sling bullet.
The sling bullet hits you!
* * * LOW HITPOINT WARNING * * *
There is a stone staircase leading up, spattered with blood here.
Okay, then.
Joseph shoots a sling bullet.
The sling bullet hits you!
You die...

..## #..#...@.....###.....##
...## #...##......####......##
....## #.......##....##(....#.#
.....####...[..####.........####
......##..#...## ##.......##
.......#..#...# ###.....##
.........##..@#####......## #####
.......#.....8.##........####....
....####..##..()@...###......####
..### #..####.....## #.....####.
.## #..# ###...# ##.........# .##
#..## ##..###....####### ..#
##...## #.........## ..##
##.....# ##..###..###
#..###......###))## ###.## ###
##.....#.#......## #..# ##.#
##.(.##..##)...# ##.####.##


You could see Joseph (ally target) and a friendly lightning spire (summoned).

Vanquished Creatures
  Maggie (D:6)
  A wyvern (D:8)
  An acid dragon (D:8)
  2 water moccasins (D:7)
  2 orc warriors
  A black bear (D:6)
  A necrophage (D:7)
  2 ogres
  A centaur (D:7)
  2 bullfrogs (D:7)
  2 scorpions
  A water moccasin zombie (D:5)
  A jelly (D:7)
  6 killer bees (D:8)
  4 wights (D:6)
  A howler monkey (D:7)
  3 centaur zombies
  5 orc priests
  4 hounds
  2 centaur skeletons (D:6)
  9 orc wizards
  Natasha (thrice) (D:2)
  A killer bee zombie (D:7)
  A howler monkey zombie (D:7)
  7 gnolls (D:3)
  A howler monkey skeleton (D:3)
  4 adders
  A shadow imp (D:7)
  2 worms
  A dart slug (D:1)
  32 orcs
  6 endoplasms
  4 giant cockroaches
  8 goblins
  9 hobgoblins
  11 jackals
  6 kobolds
  4 quokkas
  8 ball pythons
  A bat (D:1)
  4 frilled lizards
  4 rats
170 creatures vanquished.

Vanquished Creatures (collateral kills)
  2 orcs (D:8)
2 creatures vanquished.

Vanquished Creatures (others)
  3 plants (D:6)
3 creatures vanquished.

Grand Total: 175 creatures vanquished

Notes
Turn   | Place    | Note
-------+----------+-------------------------------------------
     0 | D:1      | wakim the Tengu Air Elementalist began the quest for the
                  | Orb.
     0 | D:1      | Reached XP level 1. HP: 10/10 MP: 4/4
    92 | D:1      | Reached XP level 2. HP: 15/15 MP: 1/6
   190 | D:1      | Learned a level 2 spell: Static Discharge
   471 | D:1      | Reached XP level 3. HP: 19/19 MP: 2/7
   679 | D:2      | Reached skill level 5 in Air Magic
  1263 | D:2      | Reached XP level 4. HP: 24/24 MP: 5/8
  1437 | D:2      | Noticed Natasha
  1447 | D:2      | Killed Natasha
  1671 | D:2      | Noticed Natasha
  1685 | D:2      | Killed Natasha
  1686 | D:2      | Gained mutation: Your magical nature lets you fly swiftly
                  | and evasively. [Tengu growth]
  1686 | D:2      | Reached XP level 5. HP: 7/28 MP: 3/10
  1782 | D:2      | Reached skill level 6 in Air Magic
  1865 | D:2      | Noticed Natasha
  1880 | D:2      | Killed Natasha
  2056 | D:3      | Reached XP level 6. HP: 26/32 MP: 1/11
  2308 | D:3      | Reached skill level 7 in Air Magic
  2485 | D:3      | Found a faded altar of an unknown god.
  2562 | D:3      | Got the Compendium of the Shifting Volcanoes
  3106 | D:4      | Learned a level 4 spell: Airstrike
  3326 | D:5      | Entered Level 5 of the Dungeon
  3409 | D:5      | Reached XP level 7. HP: 35/36 MP: 6/13
  3410 | D:5      | Reached skill level 8 in Air Magic
  3423 | D:5      | Reached skill level 5 in Conjurations
  4616 | D:6      | Found a staircase to the Ecumenical Temple.
  4631 | D:6      | Reached skill level 9 in Air Magic
  4631 | D:6      | Reached XP level 8. HP: 39/41 MP: 8/15
  4638 | Temple   | Entered the Ecumenical Temple
  5070 | Temple   | Became a worshipper of Zin the Law-Giver
  5070 | Temple   | Reached * piety under Zin
  5411 | D:6      | Noticed Maggie
  5425 | D:6      | Reached ** piety under Zin
  5931 | D:6      | Killed Maggie
  5932 | D:6      | Reached skill level 5 in Spellcasting
  5932 | D:6      | Reached skill level 10 in Air Magic
  6247 | D:7      | Reached skill level 11 in Air Magic
  6301 | D:7      | Reached XP level 9. HP: 33/45 MP: 11/17
  6342 | D:7      | Learned a level 4 spell: Summon Lightning Spire
  6348 | D:7      | Learned a level 5 spell: Lightning Bolt
  6411 | D:7      | Reached skill level 1 in Summonings
  6527 | D:7      | Reached skill level 12 in Air Magic
  7277 | D:8      | Noticed Gastronok
  7487 | D:8      | Reached skill level 5 in Summonings
  7980 | D:8      | Reached skill level 10 in Conjurations
  8166 | D:8      | Noticed Joseph
  8280 | D:8      | HP: 2/45 [Joseph/sling bullet (13)]
  8281 | D:8      | Shot with a sling bullet by Joseph

Illustrated notes

Levels and vault maps discovered:
D:1:      minmay_arrival_arboretum_small, layout_loops_ring
D:2:      layout_rooms, uniq_natasha
D:3:      layout_loops_ring, hellmonk_ecumenical_altar_pennies_from_heaven
D:4:      layout_cave_pools
D:5:      layout_loops_ring
D:6:      layout_loops_corners, minmay_temple_entry_gardened_gates,
          minmay_misc_feat_tower, uniq_maggie
D:7:      layout_basic, minmay_quadrilaterals
D:8:      layout_layer_cave, uniq_gastronok, uniq_joseph
Temple:   mainiacjoe_temple_starburst

Skill      XL: |  1  2  3  4  5  6  7  8  9 |
---------------+----------------------------+-----
Conjurations   | 2 3 4 5 7 10 | 10.0
Air Magic      | 5 6 7 9 11 12 | 12.1
Spellcasting   | 3 4 5 |  5.0
Summonings     | 5 |  5.6
Dodging        | |  2.1
Stealth        | |  2.0

Action                   |  1- 3 |  4- 6 |  7- 9 || total
-------------------------+-------+-------+-------++-------
Melee: Unarmed           |     7 |       |       ||     7
       Kick              |     4 |     7 |    15 ||    26
       Dagger            |       |    21 |     4 ||    25
       Peck              |       |     1 |     9 ||    10
       Short sword       |       |       |    70 ||    70
 Cast: Shock             |    46 |   109 |    99 ||   254
       Static Discharge  |     6 |    13 |    51 ||    70
       Airstrike         |       |       |     5 ||     5
       Summon Lightning  |       |       |     4 ||     4
Invok: Vitalisation      |       |       |     2 ||     2
Evoke: Wand              |       |       |     1 ||     1
  Use: Scroll            |       |       |     7 ||     7
 Stab: Sleeping          |       |       |     1 ||     1
Armor: Robe              |     7 |    12 |     7 ||    26
       Ring mail         |       |       |    57 ||    57
Dodge: Dodged            |    18 |    45 |   106 ||   169

Table legend: (Time is in decaauts)
 A = Elapsed time spent in this place.
 B = Non-inter-level travel time spent in this place.
 C = Inter-level travel time spent in this place.
 D = Time resting spent in this place.
 E = Time spent auto-exploring this place.
 F = Levels seen in this place.
 G = Mean time per level.
                   A        B        C        D        E       F      G
               +--------+--------+--------+--------+--------+-----+--------+
         Total |   7763 |   6997 |    766 |    545 |   2009 |   9 |  862.6 |
       Dungeon |   7319 |   6632 |    687 |    545 |   1688 |   8 |  914.9 |
        Temple |    444 |    365 |     79 |      0 |    321 |   1 |  444.0 |
               +--------+--------+--------+--------+--------+-----+--------+

Top non-repeatable levels by time:
     D:6: 1303 daAuts
     D:1: 1157 daAuts
     D:7: 1099 daAuts
     D:3: 877 daAuts
     D:8: 839 daAuts
     D:2: 772 daAuts
     D:5: 733 daAuts
     D:4: 536 daAuts
  Temple: 444 daAuts
